 Dungeon Crawl Stone Soup version 0.21.2-1-g0862bd23eb (webtiles) character file.

35 Giltor the Sneak (level 3, -6/18 HPs)
             Began as a Spriggan Enchanter on Apr 10, 2019.
             Mangled by an ogre
             ... wielding a +0 giant club
              (24 damage)
             ... on level 2 of the Dungeon.
             The game lasted 00:13:51 (1765 turns).

Giltor the Sneak (Spriggan Enchanter)               Turns: 1765, Time: 00:13:52

Health: -6/18      AC:  2    Str:  5    XL:     3   Next: 16%
Magic:  6/8        EV: 23    Int: 16    God:
Gold:   125        SH:  0    Dex: 16    Spells: 4/7 levels left

rFire    . . .     SeeInvis +   a - +1 dagger
rCold    + . .     Gourm    .   (shield restricted)
rNeg     . . .     Faith    .   b - +0 robe
rPois    .         Spirit   .   (helmet restricted)
rElec    .         Reflect  .   (no cloak)
rCorr    .         Harm     .   (gloves unavailable)
MR       .....                  (boots unavailable)
Stlth    +++.......             (no amulet)
HPRegen  0.06/turn              i - +5 ring of evasion
MPRegen  0.11/turn              k - ring of protection from cold

@: very quick
A: very small, unfitting armour, see invisible, herbivore, speed 3, slow
metabolism 2
a: no special abilities


You were on level 2 of the Dungeon.
You were not hungry.

You visited 1 branch of the dungeon, and saw 2 of its levels.

You collected 125 gold pieces.

Inventory:

Hand Weapons
 a - a +1 dagger (weapon)
Missiles
 h - 14 poisoned needles
Armour
 b - a +0 robe (worn)
Jewellery
 i - a +5 ring of evasion (left hand)
 k - a ring of protection from cold (right hand)
Scrolls
 f - 2 scrolls of teleportation {unknown}
 g - a scroll of identify {unknown}
 j - a scroll of blinking {unknown}
 m - a scroll of noise {unknown}
Potions
 e - a potion of curing {unknown}
 l - a potion of degeneration {unknown}
 n - a potion of haste {unknown}
 o - 2 potions of cancellation {unknown}
Books
 c - a book of Maledictions

   Spells                             Type                      Level
   a - Corona                         Hexes                        1
   b - Ensorcelled Hibernation        Hexes/Ice                    2
   c - Confuse                        Hexes                        3
   d - Tukima's Dance                 Hexes                        3
   e - Dazzling Spray                 Conjuration/Hexes            3
Comestibles
 d - 6 rations


   Skills:
 - Level 1.0 Fighting
 * Level 2.1 Short Blades
 - Level 3.0 Dodging
 - Level 5.4 Stealth
 - Level 2.6 Spellcasting
 - Level 3.6 Hexes


You had 4 spell levels left.
You knew the following spells:

 Your Spells              Type           Power        Failure   Level  Hunger
a - Corona                Hex            ##.....      4%          1    #......
b - Ensorcelled Hibernat  Hex/Ice        #.....       14%         2    ##.....


Dungeon Overview and Level Annotations

Branches:
Dungeon (2/15)

Altars:
Wu Jian


Innate Abilities, Weirdness & Mutations

You are very small and have problems with some larger weapons.
You are too small for most types of armour.
You have supernaturally acute eyesight. (SInv)
You are a herbivore.
You cover ground extremely quickly.
You need consume almost no food.


Message History

The rat is severely wounded.
You hit the rat.
You kill the rat!
You see here a rat corpse.
o - 2 bubbling purple potions You start resting.
HP restored.
You start resting.
Your magical contamination has completely faded away.
You see here an adder corpse.
There is a stone staircase leading down here.
You enter a teleport trap!
The teleport trap disappears.
Your surroundings suddenly seem different.
Found an escape hatch in the floor.
The helpless ogre fails to defend itself.
You impale the ogre!!
The ogre is almost dead.
The ogre hits you with a giant club!!
Ouch! That really hurt!
You die...

####.##.# #.###...#
#....†..# #.#.....###
#.......# #.#..#....#
##.....(.# #.......#.#
######........#
###.....#.#
#......#####..#
#.........# #......#
#..###+#####.### ...###.#
#........# #.# ...#...##
##...@O.># #..
...#....#####........#####
......_..............#
#####....#...........#
##...#...........#
#.###...>.......#
#......#.########
#......#.# #....... #


You could see an ogre.

Vanquished Creatures
  An adder (D:2)
  A dart slug (D:2)
  A leopard gecko (D:1)
  6 bats
  A goblin (D:2)
  2 hobgoblins (D:1)
  2 jackals (D:1)
  A quokka (D:2)
  A frilled lizard (D:1)
  2 kobolds (D:1)
  5 rats
23 creatures vanquished.

Notes
Turn   | Place    | Note
-------+----------+-------------------------------------------
     0 | D:1      | Giltor the Spriggan Enchanter began the quest for the Orb.
     0 | D:1      | Reached XP level 1. HP: 9/9 MP: 5/5
   264 | D:1      | Reached skill level 1 in Fighting
   713 | D:1      | Reached XP level 2. HP: 13/14 MP: 6/6
   738 | D:1      | Learned a level 2 spell: Ensorcelled Hibernation
  1570 | D:2      | Found an ornate altar of the Wu Jian Council.
  1606 | D:2      | Noticed an ogre
  1710 | D:2      | Reached skill level 5 in Stealth
  1710 | D:2      | Reached XP level 3. HP: 18/18 MP: 2/8
  1765 | D:2      | Mangled by an ogre

Skill      XL: |  1  2 |
---------------+-------+-----
Fighting       | 1 |  1.0
Short Blades   | 2 |  2.1
Stealth        | 5 |  5.4
Dodging        | |  3.0
Spellcasting   | |  2.6
Hexes          | |  3.6

Action                   || total
-------------------------++-------
Melee: Dagger            ||    96
 Cast: Corona            ||     3
       Ensorcelled Hiber ||     4
 Stab: Sleeping          ||     9
Armor: Robe              ||     4
Dodge: Dodged            ||    81
